AoeStats
← l Exhiom l

Black Forest

510349255Analyzed
4v4 RM · 1d ago on Sep 30, 2026· 43m 57s· 8 players
Game mode
Random Map
Map size
Large (8 player)
Population
200
Speed
Normal
Resources
Standard
Victory
Conquest
Starting age
Dark Age
Ending age
Imperial Age
RankedLock teamsTeams togetherTeam positionsShared explorationLock speedFull tech treeHidden civsTurbo modeCheats
Victory
Defeat
🇨🇴 Khmer · Colombia
980
+14
🇨🇱 Persians · Chile
969
+15
🇨🇳 Britons · China
955
+15
🇦🇷 Cumans · Argentina
945
+16
🇩🇪 Turks · Germany
995
-17
🇩🇪 Persians · Germany
934
-15
🇬🇧 Lithuanians · United Kingdom
924
-14
🇪🇸 Jurchens · Spain
906
-14
Doofy69
10:34 Feudal Age
14:16 Castle Age
12:33 Double-Bit Axe
12:29 Horse Collar
15:17 Bow Saw
15:18 Heavy Plow
17:36 Loom
26:30 Wheelbarrow
25:41 Town Watch
28:48 Imperial Age
27:07 Stone Mining
27:09 Gold Mining
27:55 Forging
27:52 Scale Barding Armor
28:36 Stone Shaft Mining
29:53 Chain Barding Armor
30:09 Iron Casting
30:20 Hand Cart
30:30 Husbandry
30:40 Bloodlines
30:10 Cavalier
31:28 Plate Barding Armor
32:04 Chemistry
31:25 Padded Archer Armor
31:15 Fletching
31:18 Onager
31:38 Paladin
32:35 Bodkin Arrow
32:57 Leather Archer Armor
35:40 Sanctity
35:31 Fervor
35:44 Block Printing
35:55 Illumination
36:06 Theocracy
WeLoveRust
6:17 Loom
11:42 Feudal Age
16:16 Castle Age
14:47 Horse Collar
14:56 Double-Bit Axe
17:59 Wheelbarrow
18:45 Scale Barding Armor
20:08 Forging
25:50 Heavy Plow
26:19 Stone Mining
28:47 Gold Mining
31:21 Elite Skirmisher
34:43 Pikeman
37:23 Chain Barding Armor
37:39 Iron Casting
41:47 Gold Shaft Mining
41:47 Scale Mail Armor
41:48 Padded Archer Armor
43:09 Stone Shaft Mining
45:56 Imperial Age
l Exhiom l
1:14 Loom
12:30 Feudal Age
17:16 Castle Age
15:31 Double-Bit Axe
15:59 Horse Collar
17:39 Wheelbarrow
16:51 Town Watch
21:20 Gold Mining
21:20 Stone Mining
21:17 Treadmill Crane
22:52 Fervor
28:56 Caravan
30:25 Fortified Wall
34:45 Imperial Age
32:31 Hand Cart
33:32 Murder Holes
33:45 Siege Engineers
33:53 Masonry
33:57 Forging
33:38 Fletching
33:49 Scale Mail Armor
34:52 Gold Shaft Mining
35:01 Stone Shaft Mining
34:53 Husbandry
35:04 Bloodlines
34:14 Light Cavalry
35:12 Scale Barding Armor
35:07 Padded Archer Armor
35:43 Iron Casting
35:05 Bodkin Arrow
34:43 Elite Skirmisher
34:43 Crossbowman
36:17 Conscription
36:46 Ballistics
36:33 Heavy Plow
37:52 Bow Saw
38:47 Chemistry
38:27 Crop Rotation
38:23 Leather Archer Armor
38:04 Pikeman
38:44 Squires
38:30 Gambesons
38:30 Arson
38:07 Man-at-Arms
39:32 Chain Barding Armor
41:36 Plate Barding Armor
42:02 Blast Furnace
41:03 Bracer
41:19 Chain Mail Armor
42:42 Ring Archer Armor
43:30 Architecture
42:51 Halberdier
TopicKilleR
2:10 Loom
11:43 Feudal Age
17:18 Castle Age
26:12 Imperial Age
26:36 Double-Bit Axe
LordSakayO
0:28 Loom
12:11 Feudal Age
16:22 Castle Age
15:01 Double-Bit Axe
18:52 Horse Collar
22:19 Bow Saw
24:40 Heavy Plow
29:19 Caravan
31:00 Wheelbarrow
30:19 Gold Mining
30:23 Stone Mining
33:25 Imperial Age
32:23 Gold Shaft Mining
32:24 Stone Shaft Mining
34:25 Hand Cart
33:56 Town Watch
34:55 Conscription
35:28 Town Patrol
36:04 Forging
36:01 Scale Barding Armor
37:51 Chain Barding Armor
38:33 Chemistry
40:13 Double Crossbow
43:13 Forging
44:05 Husbandry
44:16 Bloodlines
Don Wea
10:35 Feudal Age
10:23 Loom
14:37 Castle Age
13:01 Double-Bit Axe
15:50 Bow Saw
21:56 Horse Collar
22:11 Gold Mining
24:31 Gold Shaft Mining
23:48 Stone Mining
24:36 Heavy Plow
25:15 Stone Shaft Mining
28:55 Imperial Age
27:00 Wheelbarrow
27:44 Scale Barding Armor
27:50 Forging
27:50 Husbandry
28:00 Bloodlines
27:52 Devotion
28:29 Hand Cart
29:07 Chain Barding Armor
29:58 Iron Casting
29:55 Faith
30:36 Two-Man Saw
30:14 Crop Rotation
29:45 Elite War Elephant
31:36 Plate Barding Armor
31:28 Conscription
33:46 Blast Furnace
哥特近卫军
0:45 Loom
11:38 Feudal Age
12:30 Town Watch
15:46 Double-Bit Axe
15:45 Horse Collar
16:34 Gold Mining
16:39 Stone Mining
19:06 Castle Age
24:10 Wheelbarrow
25:09 Bow Saw
34:13 Imperial Age
32:10 Padded Archer Armor
32:00 Fletching
32:18 Caravan
34:45 Yeomen
35:02 Hand Cart
36:15 Conscription
36:25 Leather Archer Armor
36:06 Bodkin Arrow
35:47 Elite Longbowman
38:07 Ring Archer Armor
39:52 Chemistry
39:07 Masonry
39:38 Squires
38:59 Pikeman
39:43 Bracer
39:54 Forging
39:44 Scale Mail Armor
40:18 Ballistics
41:00 Halberdier
42:12 Chain Mail Armor
42:33 Iron Casting
42:40 Masonry
42:11 Treadmill Crane
43:57 Gold Shaft Mining
44:41 Plate Mail Armor
45:11 Blast Furnace
tomaslarias
12:49 Feudal Age
13:29 Loom
14:08 Double-Bit Axe
14:51 Gold Mining
15:26 Man-at-Arms
21:57 Town Watch
26:15 Castle Age
24:36 Stone Mining
26:25 Pikeman
29:46 Forging
33:36 Imperial Age
33:10 Padded Archer Armor
33:23 Fletching
34:17 Wheelbarrow
33:14 Elite Skirmisher
33:44 Capped Ram
37:36 Leather Archer Armor
38:06 Bodkin Arrow
40:38 Ring Archer Armor
42:18 Halberdier
43:00 Siege Ram
Connection lost

Rejoining the realm…

Still unreachable

The connection could not be restored.

Session expired

The server has moved on; the page needs a fresh start.